 Dungeon Crawl Stone Soup version 0.19-a0-1831-gd4c818f (webtiles) character file.

65 Eucla the Insei (level 4, 0/54 HPs)
             Began as a Hill Orc Transmuter on Oct 8, 2016.
             Succumbed to a gnoll's poison
             ... on level 2 of the Dungeon.
             The game lasted 00:02:09 (1238 turns).

Eucla the Insei (Hill Orc Transmuter)               Turns: 1238, Time: 00:02:09

Health: 0/54       AC:  2    Str: 17    XL:     4   Next: 13%
Magic:  6/6        EV: 12    Int: 13    God:
Gold:   56         SH:  0    Dex: 12    Spells: 2 memorised, 2 levels left

rFire  . . .     SeeInvis .       - Unarmed
rCold  . . .     Gourm    .     b - +0 robe
rNeg   + . .     Faith    .     (no shield)
rPois  .         Spirit   .     (no helmet)
rElec  .         Dismiss  .     (no cloak)
rCorr  .         Reflect  .     (no gloves)
MR     .....     Harm     .     (no boots)
Stlth  ..........               (no amulet)
                                (no ring)
                                k - ring of positive energy

@: berserking, lethally poisoned (0 -> -11), very quick
A: no striking features
a: no special abilities


You were on level 2 of the Dungeon.
You were not hungry.

You visited 1 branch of the dungeon, and saw 2 of its levels.

You collected 56 gold pieces.

Inventory:

Missiles
 a - 12 arrows
Armour
 b - a +0 robe (worn)
Jewellery
 k - a ring of positive energy (left hand)
Wands
 n - a wand of iceblast (4/15)
Scrolls
 e - a scroll of random uselessness {unknown}
 g - a scroll of enchant armour {unknown}
 h - a scroll of magic mapping {unknown}
 i - a scroll of fear {unknown}
 j - 2 scrolls of identify {unknown}
 m - a scroll of enchant weapon {unknown}
 o - a scroll of teleportation {unknown}
Potions
 f - a potion of berserk rage
Books
 c - a book of Changes

   Spells                             Type                      Level
   a - Beastly Appendage              Transmutation                1
   b - Sticks to Snakes               Transmutation                2
   c - Spider Form                    Transmutation/Poison         3
   d - Ice Form                       Ice/Transmutation            4
   e - Blade Hands                    Transmutation                5
Comestibles
 d - a bread ration
 l - 2 fruits
 p - a beef jerky


   Skills:
 + Level 2.3 Fighting
 - Level 1.5 Dodging
 * Level 4.3 Unarmed Combat
 - Level 1.5 Spellcasting
 + Level 2.1 Transmutations


You had 2 spell levels left.
You knew the following spells:

 Your Spells              Type           Power        Failure   Level  Hunger
a - Beastly Appendage     Tmut           #.....       12%         1    ##.....
b - Spider Form           Tmut/Pois      #.........   65%         3    ####...


Dungeon Overview and Level Annotations

Branches:
Dungeon (2/15)

Altars:


Message History

Things that are here:
22 stones; a worm corpse The giant cockroach bites you.
* * * LOW HITPOINT WARNING * * *
You see here a flail.
The giant cockroach waves its antennae.
There is a stone staircase leading up here.
It was a potion of berserk rage.
A red film seems to cover your vision as you go berserk!
You feel yourself moving faster!
You feel mighty!
The gnoll hits you with a whip of venom!
* * * LOW HITPOINT WARNING * * *
You are lethally poisoned!
You closely miss the gnoll.
* * * LOW HITPOINT WARNING * * *
You feel sick. The gnoll misses you.
You punch the gnoll!
You kill the gnoll!
You have reached level 4!
You die...

#.#....# ### #.#.....
#!###.......
####...........
##....###.#.....
##.sg..###.#.....
#r.###.##..#..... ##).#
#.##)##..... ##@.##
#.##s#...... ###....#
#.#.........
####...##.###.#.#.#.....
#....####..#........>.## #
#....)..##รท.#.#.#.#(..##
#...#.###....#......<.....
#
#.###...####..#.#.#.#.....
#...#....##.#
#............##
..........#..#
...#.#.#.#...#


You could see a gnoll, a giant cockroach and a rat.

Vanquished Creatures
  3 gnolls
  A worm (D:2)
  3 dart slugs (D:1)
  2 giant cockroaches (D:2)
  3 hobgoblins (D:1)
  3 kobolds (D:1)
  A ball python (D:1)
  8 bats
  2 frilled lizards (D:1)
  7 rats
33 creatures vanquished.

Notes
Turn   | Place    | Note
-------+----------+-------------------------------------------
     0 | D:1      | Eucla the Hill Orc Transmuter began the quest for the Orb.
     0 | D:1      | Reached XP level 1. HP: 16/16 MP: 3/3
    14 | D:1      | Reached XP level 2. HP: 14/24 MP: 4/4
   230 | D:1      | HP: 1/24 [rat (1)]
   303 | D:1      | Reached XP level 3. HP: 3/29 MP: 5/5
   655 | D:1      | Reached skill level 4 in Unarmed Combat
   978 | D:1      | Learned a level 3 spell: Spider Form
  1236 | D:2      | HP: 1/43 [gnoll/whip of venom (9)]
  1238 | D:2      | Reached XP level 4. HP: 1/36 MP: 6/6
  1238 | D:2      | Succumbed to a gnoll's poison

Vault maps used:
D:1:      ncdulo_wetmaze, minmay_pentomino_o2
D:2:      marbit_many_paths, st_stairs_8, uniq_sigmund

Skill      XL: |  1  2  3 |
---------------+----------+-----
Fighting       | 2 |  2.3
Unarmed Combat | 4 |  4.3
Transmutations | 2 |  2.1
Dodging        | |  1.5
Spellcasting   | |  1.5

Action                   |  1- 3 |  4- 6 || total
-------------------------+-------+-------++-------
Melee: Unarmed           |   121 |       ||   121
       Punch             |     4 |       ||     4
  Use: Potion            |     2 |       ||     2
  Eat: Chunk             |     1 |       ||     1
Armor: Robe              |    29 |       ||    29
Dodge: Dodged            |   102 |       ||   102
